[ AOE2 MATCH · #504579687 ]
UnrankedBulgarians vs Bengalis
Rival team · LOSS
[ REPLAY ANALYSIS · EXTRACTED FROM THE RECORDED GAME ]
Feudal
8:56
Castle
20:39
Imperial
—
| APM avg | 84.9 |
| APM peak | 123 |
| eAPM avg | 43.0 |
| Villagers / military | 125 / 85 |
Focus
⚔️ 42.8% · 🌾 57.2%
Scout Cavalry ×69 · Militia ×6 · Monk ×5 · Skirmisher ×3 · Battering Ram ×2
Feudal
10:06
Castle
15:22
Imperial
—
| APM avg | 38.0 |
| APM peak | 102 |
| eAPM avg | 21.5 |
| Villagers / military | 26 / 43 |
Focus
⚔️ 36.1% · 🌾 63.9%
Monk ×28 · Mangonel ×12 · Scorpion ×3
Match map
Initial resources + every placement click. Lines = walls · curves = elevation contours. ◆ gold · ⬟ stone · ● berries · ✦ relic · ◌ wall gap
Your base· Open — unwalled flank
Shoskid's base· Open — unwalled flank
Smoothed initial terrain · ◌ = detected wall gap · hover for details
Inputs per minute
— 2Darling - - Shoskid
Build order — 2Darling
First 150 of 336 actions detected
| 0:02 | Queue | Villager (Male) |
| 0:02 | Queue | Villager (Male) |
| 0:02 | Queue | Villager (Male) |
| 0:02 | Queue | Villager (Male) |
| 0:04 | Build | House |
| 0:05 | Build | House |
| 1:28 | Queue | Villager (Male) |
| 1:29 | Queue | Villager (Male) |
| 1:56 | Build | Lumber Camp |
| 2:08 | Queue | Villager (Male) |
| 2:09 | Queue | Villager (Male) |
| 2:10 | Queue | Villager (Male) |
| 2:11 | Queue | Villager (Male) |
| 2:59 | Queue | Villager (Male) |
| 2:59 | Queue | Villager (Male) |
| 3:00 | Queue | Villager (Male) |
| 3:09 | Build | House |
| 3:13 | Queue | Villager (Male) |
| 4:03 | Queue | Villager (Male) |
| 4:03 | Queue | Villager (Male) |
| 4:06 | Build | House |
| 4:18 | Build | House |
| 4:32 | Queue | Villager (Male) |
| 4:33 | Queue | Villager (Male) |
| 5:13 | Queue | Villager (Male) |
| 5:14 | Queue | Villager (Male) |
| 5:14 | Queue | Villager (Male) |
| 5:32 | Build | Barracks |
| 5:58 | Research | Loom |
| 5:58 | Research | Loom |
| 6:06 | Build | House |
| 6:27 | Build | Palisade Wall |
| 6:30 | Build | Palisade Wall |
| 6:47 | Research | Feudal Age |
| 6:47 | Research | Feudal Age |
| 7:02 | Queue | Militia |
| 7:02 | Queue | Militia |
| 7:26 | Queue | Militia |
| 7:30 | Build | Mill |
| 8:16 | Queue | Militia |
| 8:56 | Age | Feudal Age |
| 8:58 | Queue | Villager (Male) |
| 9:10 | Queue | Villager (Male) |
| 9:16 | Build | Archery Range |
| 9:25 | Queue | Villager (Male) |
| 9:34 | Queue | Militia |
| 9:39 | Build | House |
| 9:51 | Queue | Villager (Male) |
| 9:58 | Build | Archery Range |
| 10:10 | Build | House |
| 10:24 | Queue | Villager (Male) |
| 10:32 | Build | Watch Tower |
| 10:49 | Queue | Villager (Male) |
| 10:50 | Build | Farm |
| 10:52 | Build | Farm |
| 11:02 | Queue | Skirmisher |
| 11:03 | Queue | Skirmisher |
| 11:03 | Queue | Skirmisher |
| 11:07 | Build | Watch Tower |
| 11:18 | Queue | Villager (Male) |
| 11:18 | Queue | Villager (Male) |
| 11:22 | Build | Farm |
| 11:57 | Build | Watch Tower |
| 12:01 | Queue | Villager (Male) |
| 12:02 | Queue | Villager (Male) |
| 12:08 | Build | Farm |
| 12:09 | Build | Farm |
| 12:27 | Build | Farm |
| 12:32 | Queue | Villager (Male) |
| 12:32 | Queue | Villager (Male) |
| 12:49 | Build | House |
| 13:07 | Queue | Villager (Male) |
| 13:07 | Queue | Villager (Male) |
| 13:13 | Queue | Villager (Male) |
| 13:13 | Queue | Villager (Male) |
| 13:29 | Build | Market |
| 13:45 | Build | Watch Tower |
| 13:50 | Queue | Villager (Male) |
| 13:54 | Build | Farm |
| 14:28 | Build | Watch Tower |
| 14:31 | Queue | Villager (Male) |
| 14:32 | Queue | Villager (Male) |
| 14:36 | Build | Mining Camp |
| 14:37 | Queue | Villager (Male) |
| 14:39 | Build | House |
| 14:45 | Build | Watch Tower |
| 15:14 | Queue | Villager (Male) |
| 15:15 | Queue | Villager (Male) |
| 15:17 | Build | Farm |
| 15:20 | Build | Farm |
| 15:22 | Build | Farm |
| 15:22 | Build | Farm |
| 15:36 | Build | Farm |
| 15:36 | Build | Farm |
| 17:59 | Research | Castle Age |
| 17:59 | Research | Castle Age |
| 18:16 | Build | Stable |
| 18:41 | Build | Palisade Wall |
| 19:04 | Build | Stable |
| 19:12 | Queue | Militia |
| 19:26 | Research | Bloodlines |
| 19:26 | Research | Bloodlines |
| 19:26 | Queue | Scout Cavalry |
| 19:37 | Queue | Villager (Male) |
| 19:38 | Build | Farm |
| 19:59 | Queue | Scout Cavalry |
| 19:59 | Queue | Scout Cavalry |
| 20:00 | Queue | Scout Cavalry |
| 20:17 | Build | Blacksmith |
| 20:19 | Queue | Scout Cavalry |
| 20:36 | Build | Farm |
| 20:36 | Build | Farm |
| 20:39 | Age | Castle Age |
| 20:40 | Queue | Scout Cavalry |
| 20:44 | Research | Light Cavalry (upgrade) |
| 20:44 | Research | Light Cavalry (upgrade) |
| 20:44 | Research | Light Cavalry (upgrade) |
| 20:49 | Queue | Villager (Male) |
| 20:58 | Build | Farm |
| 20:58 | Build | Farm |
| 21:06 | Research | Scale Barding Armor |
| 21:06 | Research | Scale Barding Armor |
| 21:07 | Queue | Villager (Male) |
| 21:09 | Research | Forging |
| 21:10 | Research | Forging |
| 21:11 | Queue | Scout Cavalry |
| 21:13 | Queue | Villager (Male) |
| 21:13 | Queue | Villager (Male) |
| 21:30 | Research | Husbandry |
| 21:30 | Research | Husbandry |
| 21:31 | Queue | Scout Cavalry |
| 21:31 | Queue | Scout Cavalry |
| 21:33 | Queue | Villager (Male) |
| 21:34 | Build | Farm |
| 21:34 | Build | Farm |
| 21:42 | Build | House |
| 21:43 | Build | House |
| 22:05 | Queue | Scout Cavalry |
| 22:06 | Queue | Scout Cavalry |
| 22:19 | Queue | Scout Cavalry |
| 22:19 | Queue | Scout Cavalry |
| 22:20 | Queue | Scout Cavalry |
| 22:20 | Queue | Scout Cavalry |
| 22:36 | Queue | Villager (Male) |
| 22:36 | Queue | Villager (Male) |
| 22:46 | Research | Double-Bit Axe |
| 22:46 | Queue | Villager (Male) |
| 22:49 | Queue | Villager (Male) |
| 22:58 | Queue | Villager (Male) |
| 22:59 | Queue | Villager (Male) |
Build order — Shoskid
126 actions detected in the replay
| 0:00 | Queue | Villager (Male) |
| 0:00 | Queue | Villager (Male) |
| 0:00 | Queue | Villager (Male) |
| 0:01 | Queue | Villager (Male) |
| 0:03 | Build | House |
| 0:05 | Build | House |
| 1:33 | Queue | Villager (Male) |
| 1:33 | Queue | Villager (Male) |
| 1:59 | Build | Lumber Camp |
| 2:06 | Queue | Villager (Male) |
| 2:06 | Queue | Villager (Male) |
| 2:10 | Queue | Villager (Male) |
| 2:37 | Queue | Villager (Male) |
| 3:18 | Queue | Villager (Male) |
| 3:18 | Queue | Villager (Male) |
| 3:40 | Build | Mill |
| 3:48 | Build | House |
| 3:50 | Queue | Villager (Male) |
| 4:23 | Build | House |
| 4:28 | Build | Palisade Wall |
| 4:34 | Queue | Villager (Male) |
| 4:34 | Queue | Villager (Male) |
| 4:58 | Queue | Villager (Male) |
| 5:08 | Queue | Villager (Male) |
| 5:16 | Build | Palisade Wall |
| 5:17 | Build | Palisade Wall |
| 5:39 | Queue | Villager (Male) |
| 6:12 | Queue | Villager (Male) |
| 6:24 | Build | Mining Camp |
| 6:40 | Queue | Villager (Male) |
| 6:40 | Queue | Villager (Male) |
| 6:42 | Research | Loom |
| 6:49 | Build | Palisade Wall |
| 6:51 | Build | Palisade Wall |
| 6:58 | Build | Palisade Wall |
| 7:13 | Build | Palisade Wall |
| 7:17 | Build | Palisade Wall |
| 7:20 | Build | Palisade Wall |
| 7:23 | Build | Palisade Wall |
| 7:54 | Research | Feudal Age |
| 8:20 | Build | Palisade Wall |
| 8:21 | Build | Palisade Wall |
| 8:22 | Build | Palisade Wall |
| 8:27 | Build | Palisade Wall |
| 8:32 | Build | Palisade Wall |
| 8:33 | Build | Palisade Wall |
| 8:36 | Build | Palisade Wall |
| 8:38 | Build | Palisade Wall |
| 8:55 | Build | Palisade Wall |
| 8:59 | Build | Palisade Wall |
| 10:06 | Age | Feudal Age |
| 10:10 | Build | Market |
| 10:28 | Build | Blacksmith |
| 10:41 | Queue | Villager (Male) |
| 11:38 | Build | Watch Tower |
| 12:42 | Research | Castle Age |
| 13:11 | Build | House |
| 13:19 | Build | House |
| 13:25 | Build | House |
| 13:35 | Build | House |
| 13:39 | Build | House |
| 13:55 | Build | Watch Tower |
| 15:22 | Age | Castle Age |
| 15:25 | Build | Siege Workshop |
| 15:46 | Build | Palisade Wall |
| 15:47 | Build | Palisade Wall |
| 16:00 | Queue | Mangonel |
| 16:19 | Build | Mining Camp |
| 18:15 | Queue | Mangonel |
| 18:56 | Queue | Villager (Male) |
| 19:04 | Build | Monastery |
| 19:16 | Build | Siege Workshop |
| 19:50 | Queue | Villager (Male) |
| 19:51 | Queue | Villager (Male) |
| 20:19 | Queue | Monk |
| 20:38 | Queue | Mangonel |
| 20:41 | Build | House |
| 20:53 | Queue | Villager (Male) |
| 21:37 | Build | Monastery |
| 21:39 | Research | Sanctity |
| 22:14 | Queue | Monk |
| 22:24 | Queue | Mangonel |
| 22:45 | Queue | Monk |
| 22:53 | Build | House |
| 23:02 | Queue | Monk |
| 23:11 | Build | Palisade Wall |
| 23:30 | Queue | Scorpion |
| 23:31 | Queue | Monk |
| 23:48 | Queue | Monk |
| 24:03 | Queue | Scorpion |
| 24:13 | Queue | Monk |
| 24:52 | Build | Palisade Wall |
| 24:55 | Build | Palisade Wall |
| 25:03 | Queue | Scorpion |
| 25:06 | Queue | Monk |
| 26:02 | Queue | Monk |
| 26:09 | Queue | Monk |
| 26:11 | Queue | Mangonel |
| 26:34 | Queue | Monk |
| 27:21 | Queue | Monk |
| 27:29 | Queue | Monk |
| 27:43 | Queue | Mangonel |
| 28:05 | Queue | Monk |
| 28:23 | Queue | Monk |
| 28:54 | Queue | Mangonel |
| 29:26 | Queue | Monk |
| 30:05 | Queue | Mangonel |
| 30:05 | Queue | Monk |
| 30:06 | Queue | Monk |
| 30:38 | Queue | Monk |
| 30:38 | Queue | Monk |
| 31:56 | Research | Redemption |
| 31:56 | Research | Fervor |
| 32:33 | Queue | Monk |
| 32:33 | Queue | Monk |
| 33:07 | Queue | Monk |
| 33:28 | Queue | Monk |
| 33:29 | Queue | Mangonel |
| 33:53 | Queue | Mangonel |
| 34:38 | Queue | Monk |
| 34:40 | Queue | Mangonel |
| 35:13 | Build | House |
| 35:46 | Queue | Monk |
| 35:47 | Queue | Monk |
| 36:10 | Queue | Mangonel |
| 36:34 | Queue | Monk |
Match timeline
| 4:28 | Shoskid · wall_segment Palisade Wall x7 |
| 5:16 | Shoskid · wall_segment Palisade Wall x3 |
| 5:17 | Shoskid · wall_segment Palisade Wall x2 |
| 5:32 | 2Darling · first_building Barracks |
| 6:27 | 2Darling · wall_segment Palisade Wall x3 |
| 6:30 | 2Darling · wall_segment Palisade Wall x3 |
| 6:49 | Shoskid · wall_segment Palisade Wall x3 |
| 6:51 | Shoskid · wall_segment Palisade Wall x3 |
| 6:58 | Shoskid · wall_segment Palisade Wall x4 |
| 7:13 | Shoskid · wall_segment Palisade Wall x3 |
| 7:17 | Shoskid · wall_segment Palisade Wall x2 |
| 7:20 | Shoskid · wall_segment Palisade Wall x6 |
| 7:23 | Shoskid · wall_segment Palisade Wall x3 |
| 8:20 | Shoskid · wall_segment Palisade Wall x1 |
| 8:21 | Shoskid · wall_segment Palisade Wall x1 |
| 8:22 | Shoskid · wall_segment Palisade Wall x1 |
| 8:27 | Shoskid · wall_segment Palisade Wall x1 |
| 8:32 | Shoskid · wall_segment Palisade Wall x1 |
| 8:33 | Shoskid · wall_segment Palisade Wall x1 |
| 8:36 | Shoskid · wall_segment Palisade Wall x1 |
| 8:38 | Shoskid · wall_segment Palisade Wall x1 |
| 8:55 | Shoskid · wall_segment Palisade Wall x1 |
| 8:56 | 2Darling · age_up feudal |
| 8:59 | Shoskid · wall_segment Palisade Wall x1 |
| 9:16 | 2Darling · first_building Archery Range |
| 10:06 | Shoskid · age_up feudal |
| 12:05 | Shoskid · first_market_buy 100 food |
| 15:22 | Shoskid · age_up castle |
| 15:25 | Shoskid · first_building Siege Workshop |
| 15:46 | Shoskid · wall_segment Palisade Wall x1 |
| 15:47 | Shoskid · wall_segment Palisade Wall x1 |
| 16:20 | 2Darling · first_market_sell 100 wood |
| 16:22 | 2Darling · first_market_buy 100 food |
| 18:16 | 2Darling · first_building Stable |
| 18:41 | 2Darling · wall_segment Palisade Wall x1 |
| 19:04 | Shoskid · first_building Monastery |
| 20:17 | Shoskid · first_market_sell 100 wood |
| 20:39 | 2Darling · age_up castle |
| 23:00 | 2Darling · first_building Monastery |
| 23:11 | Shoskid · wall_segment Palisade Wall x1 |
| 23:41 | 2Darling · first_building Siege Workshop |
| 24:52 | Shoskid · wall_segment Palisade Wall x1 |
| 24:55 | Shoskid · wall_segment Palisade Wall x1 |
| 30:44 | 2Darling · first_building Krepost |
| 39:01 | Shoskid · resign |
[ AI ANALYSIS · 1 CREDIT ]
What really happened in this match?
Wolo.gg analyzes every decision: build order, eco, micro, common mistakes by bracket. Personalized analysis on WhatsApp or Discord in 30 seconds.
Civ guide
Bulgarians
Perfil
Jugador #15529711